 Dungeon Crawl Stone Soup version 0.20-a0-945-g3bf614a (webtiles) character file.

126 Alarkh the Charmwright (level 4, 0/34 HPs)
             Began as a Demonspawn Skald on Apr 1, 2017.
             Succumbed to an adder's poison
             ... on level 3 of the Dungeon.
             The game lasted 00:03:46 (3263 turns).

Alarkh the Charmwright (Demonspawn Skald)           Turns: 3263, Time: 00:03:46

Health: 0/34       AC:  4    Str: 11    XL:     4   Next: 84%
Magic:  7/7        EV: 12    Int: 21    God:
Gold:   121        SH:  0    Dex: 12    Spells: 6/7 levels left

rFire    . . .     SeeInvis .     - Unarmed
rCold    . . .     Gourm    .   (no shield)
rNeg     . . .     Faith    .   a - +0 leather armour
rPois    .         Spirit   .   (no helmet)
rElec    .         Reflect  .   (no cloak)
rCorr    .         Harm     .   p - +0 pair of gloves
MR       .....                  (no boots)
Stlth    +++.......             m - amulet of inaccuracy (curse)
Regen    0.2/turn               (no ring)
MPRegen  0.1/turn               (no ring)

@: brilliant, lethally poisoned (0 -> -13)
A: nightstalker 2
a: no special abilities


You were on level 3 of the Dungeon.
You were not hungry.

You visited 1 branch of the dungeon, and saw 3 of its levels.

You collected 121 gold pieces.

Inventory:

Armour
 a - a +0 leather armour (worn)
 p - a +0 pair of gloves (worn)
Jewellery
 m - a cursed amulet of inaccuracy (around neck)
Scrolls
 e - a scroll of identify
 h - a scroll of amnesia
 j - a scroll of random uselessness
 k - a scroll of teleportation
Potions
 i - a potion of mutation
 l - a potion of invisibility
Books
 b - a book of Battle

   Spells                             Type                      Level
   a - Infusion                       Charms                       1
   b - Shroud of Golubria             Charms/Translocation         2
   c - Song of Slaying                Charms                       2
   d - Spectral Weapon                Hexes/Charms                 3
   e - Regeneration                   Charms/Necromancy            3
Comestibles
 c - 3 bread rations
 f - 2 meat rations
 g - a chunk of flesh


   Skills:
 + Level 2.4 Fighting
 + Level 1.7 Armour
 + Level 2.6 Dodging
 + Level 0.8 Stealth
 + Level 2.8 Unarmed Combat
 + Level 2.2 Spellcasting
 + Level 3.1 Charms


You had 6 spell levels left.
You knew the following spells:

 Your Spells              Type           Power        Failure   Level  Hunger
a - Infusion              Chrm           ####         1%          1    #......


Dungeon Overview and Level Annotations

Branches:
Dungeon (3/15)

Altars:
Kikubaaqudgha
Nemelex Xobeh

Annotations:
D:3 1 runed door


Innate Abilities, Weirdness & Mutations

You are significantly more attuned to the shadows.


Message History

The adder is moderately wounded.
* * * LOW HITPOINT WARNING * * *
You feel sick. The adder misses you.
You miss the adder.
The adder is moderately wounded.
* * * LOW HITPOINT WARNING * * *
You feel sick. The adder misses you.
You barely miss the adder.
The adder is moderately wounded.
* * * LOW HITPOINT WARNING * * *
You feel sick. The adder bites you.
* * * LOW HITPOINT WARNING * * *
You are more poisoned.
The adder poisons you! The adder bites you but does no damage.
Unknown command.
Unknown command.
Unknown command.
You miss the adder.
The adder is moderately wounded.
You die...

...........# #.#...# ....########
#.#>..# .##.# #.#.#...# . #.#
####.#.#...### #.# ...#..........
.. .....#......# .....+......##
.#.S#........ +....+..@........
###....#..#.##(#.#.
#.+....#>.#.##+#.# .
#.#....#..#.#....# #.#.
#.#....#..#.#....#
#.#.###.###.....#.#....#
................#.#....####
#.#......>.............+..## ###
................#.##.......####.+


You could see an adder.

Vanquished Creatures
  A centaur zombie (D:3)
  2 adders
  5 dart slugs
  2 leopard geckos
  7 bats
  3 giant cockroaches (D:1)
  4 goblins
  8 hobgoblins
  5 jackals (D:2)
  2 quokkas (D:2)
  5 frilled lizards
  9 kobolds
  6 rats
59 creatures vanquished.

Notes
Turn   | Place    | Note
-------+----------+-------------------------------------------
     0 | D:1      | Alarkh the Demonspawn Skald began the quest for the Orb.
     0 | D:1      | Reached XP level 1. HP: 16/16 MP: 3/3
   292 | D:1      | Gained mutation: You are slightly more attuned to the shadows. [demonic ancestry]
   292 | D:1      | Reached XP level 2. HP: 13/22 MP: 3/5
   302 | D:1      | Reached skill level 3 in Charms
   649 | D:1      | Reached skill level 1 in Armour
  1208 | D:1      | Gained mutation: You are significantly more attuned to the shadows. [demonic ancestry]
  1208 | D:1      | Reached XP level 3. HP: 8/27 MP: 1/6
  1582 | D:1      | Found a sparkling altar of Nemelex Xobeh.
  2208 | D:2      | Found an ancient bone altar of Kikubaaqudgha.
  2589 | D:2      | Reached XP level 4. HP: 31/33 MP: 7/7
  3090 | D:3      | Found a runed door.
  3262 | D:3      | HP: 1/34 [adder (1)]
  3263 | D:3      | Succumbed to an adder's poison

Vault maps used:
D:1:      tarquinn_simple_flora_water_b, nemelex_diamond_rough_becter
D:2:      kiku_gazebo_garden_becter, first_bread
D:3:      uniq_crazy_yiuf_cottage

Skill      XL: |  1  2 |
---------------+-------+-----
Charms         | 3 |  3.1
Dodging        | 2 |  2.6
Armour         | 1 |  1.7
Unarmed Combat | 2 |  2.8
Fighting       | |  2.4
Stealth        | |  0.8
Spellcasting   | |  2.2

Action                   |  1- 3 |  4- 6 || total
-------------------------+-------+-------++-------
Melee: Unarmed           |   245 |    84 ||   329
       Punch             |     3 |       ||     3
 Cast: Infusion          |     8 |       ||     8
  Use: Scroll            |     1 |     6 ||     7
       Potion            |     2 |     3 ||     5
 Stab: Sleeping          |    11 |     2 ||    13
  Eat: Chunk             |     6 |     2 ||     8
Armor: Leather armour    |    73 |    18 ||    91
Dodge: Dodged            |   176 |    60 ||   236
